 Dungeon Crawl Stone Soup version 0.25-a0-51-gc466198 (webtiles) character file.

Game seed: 12988896337002106890, levelgen mode: deterministic

132213 Firecrotchwizard the Fighter (level 17, -7/98 HPs)
             Began as a Vine Stalker Assassin on Oct 20, 2019.
             Was the Champion of Makhleb.
             Mangled by an Ice Fiend (45 damage)
             ... summoned by a deep elf demonologist
             ... on level 2 of the Elven Halls on Oct 25, 2019.
             The game lasted 01:20:57 (24833 turns).

Firecrotchwizard the Fighter (VSAs)                Turns: 24833, Time: 01:20:58

Health: -7/98      AC: 15    Str: 28    XL:     17   Next: 12%
Magic:  0/28       EV: 21    Int: 11    God:    Makhleb [******]
Gold:   1411       SH:  0    Dex: 32    Spells: 14/16 levels left

rFire    . . .     SeeInvis +   j - +2 rapier (pierce)
rCold    x . .     Gourm    .   (no shield)
rNeg     . . .     Faith    +   X - +5 ring mail of Honour {MR+ Str+3 Dex+2}
rPois    .         Spirit   +   C - +2 helmet
rElec    +         Reflect  .   J - +2 cloak
rCorr    .         Harm     .   x - +0 pair of fencer's gloves {Riposte Dex+3}
MR       +++..                  y - +2 pair of boots of the Postmodern Demons {Str+2}
Stlth    +++.......             g - amulet of faith {Faith, !P}
HPRegen  1.06/turn              G - +5 ring of dexterity
MPRegen  0.21/turn              P - ring "Tatof" {rElec rC- Str+4 Dex+4 SInv}

@: corroded
A: fangs 3, regeneration 2, magic shield, antimagic bite, no potion heal 3, rot
immunity
a: Minor Destruction, Lesser Servant of Makhleb, Major Destruction, Greater
Servant of Makhleb, Renounce Religion


You were on level 2 of the Elven Halls.
You worshipped Makhleb.
Makhleb was exalted by your worship.
You were not hungry.

You visited 5 branches of the dungeon, and saw 25 of its levels.
You also visited: Gauntlet.

You collected 2662 gold pieces.
You spent 1251 gold pieces at shops.

Inventory:

Hand Weapons
 j - a +2 rapier of piercing (weapon)
   (You found it on level 7 of the Dungeon)
Missiles
 d - 71 poisoned darts
 e - 11 curare-tipped darts
 s - 4 throwing nets {=f, !d}
 V - 5 datura-tipped darts
Armour
 t - a +2 chain mail of cold resistance
   (You found it on level 2 of the Dungeon)
 x - the +0 pair of fencer's gloves (worn) {Riposte Dex+3}
   (You found it on level 2 of the Lair of Beasts)

   It affects your dexterity (+3).
 y - the +2 pair of boots of the Postmodern Demons (worn) {Str+2}
   (You bought it in a shop on level 5 of the Dungeon)

   It affects your strength (+2).
 C - a +2 helmet (worn)
   (You found it on level 2 of the Lair of Beasts)
 H - the +0 large shield of Wisdom {+Inv Stlth+}
   (You found it on level 5 of the Dungeon)

   It lets you turn invisible.
   It makes you more stealthy.
 J - a +2 cloak (worn)
   (You found it on level 5 of the Dungeon)
 R - a scarf of resistance
   (You found it on level 13 of the Dungeon)
 X - the +5 ring mail of Honour (worn) {MR+ Str+3 Dex+2}
   (You bought it in a shop on level 2 of the Elven Halls)

   It affects your strength (+3).
   It affects your dexterity (+2).
   It affects your resistance to hostile enchantments.
Jewellery
 g - an amulet of faith (around neck) {Faith, !P}
   (You took it off a hobgoblin on level 2 of the Dungeon)
 G - a +5 ring of dexterity (left hand)
   (You found it on level 5 of the Dungeon)
 I - the ring of Bidgh {Dex+2 SInv}
   (You found it in a Gauntlet)

   [ring of see invisible]

   It affects your dexterity (+2).
   It lets you see invisible.
 O - the ring of Jealousy {Fire +Blink Str+3}
   (You found it in a Gauntlet)

   [ring of fire]

   It enhances your fire magic.
   It affects your strength (+3).
   It protects you from fire.
   It makes you vulnerable to cold.
   It lets you blink.
 P - the ring "Tatof" (right hand) {rElec rC- Str+4 Dex+4 SInv}
   (You found it in a Gauntlet)

   [ring of dexterity]

   It affects your strength (+4).
   It affects your dexterity (+4).
   It makes you vulnerable to cold.
   It insulates you from electricity.
   It lets you see invisible.
 Q - an uncursed ring of protection from fire {rF+, !d}
   (You found it on level 9 of the Dungeon)
Wands
 v - a wand of iceblast (9)
   (You found it on level 7 of the Dungeon)
 L - a wand of digging (8)
   (You found it on level 3 of the Lair of Beasts)
 N - a wand of scattershot (6)
   (You found it on level 8 of the Dungeon)
 T - a wand of acid (10)
   (You found it on level 10 of the Dungeon)
Scrolls
 h - 10 scrolls of teleportation
 n - 6 scrolls of enchant weapon
 o - 11 scrolls of remove curse
 r - 2 scrolls of blinking {!r}
 u - 14 scrolls of identify
 w - 4 scrolls of magic mapping {!r}
 D - 2 scrolls of silence
 F - 3 scrolls of fog
 M - 6 scrolls of fear
 S - 2 scrolls of brand weapon
 Y - a scroll of amnesia
Potions
 a - 2 potions of agility
 b - a potion of ambrosia
 i - 5 potions of flight
 k - a potion of berserk rage {!q}
 l - a potion of brilliance
 m - 11 potions of curing
 p - a potion of magic
 z - 2 potions of lignification {!q}
 A - 2 potions of cancellation
 B - 2 potions of resistance
 K - 2 potions of haste
 U - a potion of mutation {!q}
 W - a potion of invisibility
Miscellaneous
 c - a lightning rod (4/4)
   (You found it on level 14 of the Dungeon)
 E - a fan of gales
   (You found it on level 1 of the Elven Halls)
 Z - a phial of floods
   (You found it on level 6 of the Lair of Beasts)
Comestibles
 f - 37 rations
 q - 4 chunks of flesh {@w0}


   Skills:
 + Level 14.8 Fighting
 - Level 14.0 Short Blades
 - Level 2.8 Throwing
 - Level 9.0 Armour
 + Level 8.2 Dodging
 - Level 4.8 Stealth
 + Level 14.5 Invocations


You had 14 spell levels left.
You knew the following spells:

 Your Spells              Type           Power        Failure   Level  Hunger
b - Blink                 Tloc           N/A          58%         2    ###....

Your spell library contained the following spells:

 Spells                   Type           Power        Failure   Level  Hunger
 Confusing Touch          Hex            #.....       43%         1    ##.....
 Corona                   Hex            #......      43%         1    ##.....
 Magic Dart               Conj           #...         43%         1    ##.....
 Summon Small Mammal      Summ           #...         43%         1    ##.....
 Call Imp                 Summ           #.......     58%         2    ###....
 Ensorcelled Hibernation  Hex/Ice        #.....       58%         2    ###....
 Slow                     Hex            #.......     58%         2    ###....
 Sublimation of Blood     Necr           #.........   58%         2    ###....
 Call Canine Familiar     Summ           #.......     82%         3    ####...
 Confuse                  Hex            #.......     82%         3    ####...
 Conjure Flame            Conj/Fire      #.......     82%         3    ####...
 Dazzling Spray           Conj/Hex       #.....       82%         3    ####...
 Gell's Gravitas          Tloc           #.........   82%         3    ####...
 Ignite Poison            Fire/Tmut/Pois #.......     82%         3    ####...
 Mephitic Cloud           Conj/Pois/Air  #.......     82%         3    ####...
 Recall                   Summ/Tloc      N/A          82%         3    ####...
 Tukima's Dance           Hex            #.......     82%         3    ####...
 Petrify                  Tmut/Erth      #.......     99%         4    #####..
 Summon Ice Beast         Ice/Summ       #.......     99%         4    #####..
 Alistair's Intoxication  Tmut/Pois      #.......     100%        5    ######.
 Aura of Abjuration       Summ           #.........   100%        5    ######.
 Irradiate                Conj/Tmut      #.........   100%        5    ######.
 Metabolic Englaciation   Hex/Ice        #.........   100%        5    ######.
 Summon Demon             Summ           #.........   100%        5    ######.
 Summon Forest            Summ/Tloc      #.........   100%        5    ######.
 Summon Mana Viper        Hex/Summ       #.......     100%        5    ######.
 Yara's Violent Unravell  Hex/Tmut       #.........   100%        5    ######.
 Shadow Creatures         Summ           N/A          100%        6    #######
 Summon Hydra             Summ           #.........   100%        7    #######


Dungeon Overview and Level Annotations

Branches:
Dungeon (14/15)            Temple (1/1) D:4            Lair (6/6) D:11
 Shoals (0/4) Lair:2       Spider (0/4) Lair:3        Slime (0/5) Lair:5
    Orc (2/2) D:11            Elf (2/3) Orc:2        Vaults (0/5) D:14
Gauntlet (visited)

Altars:
Ashenzari
Cheibriados
Dithmenos
Elyvilon
Fedhas
Gozag
Hepliaklqana
Kikubaaqudgha
Makhleb
Nemelex Xobeh
Okawaru
Qazlal
Ru
Sif Muna
Trog
Uskayaw
Vehumet
Wu Jian
Xom
Yredelemnul
Zin
The Shining One
Lugonu

Shops:
D:5 [   D:14 :   Orc:2 ?!}%(   Elf:2 [

Portals:
Pandemonium: Orc:2


Innate Abilities, Weirdness & Mutations

You have razor-sharp teeth.
You heal very quickly.
When hurt, damage is shared between your health and your magic reserves.
Your bite disrupts and absorbs the magic of your enemies.
Potions cannot restore your health.
You are immune to rotting.


Message History

Items here: ( ))) [[ รทรท x2
Found Erepuzutt's Armour Emporium.
W - a potion of invisibility Some of the chunks of flesh in your inventory have rotted away.
There is an entrance to Erepuzutt's Armour Emporium here.
X - the +5 ring mail of Honour {MR+ Str+3 Dex+2} Thank you for shopping at Erepuzutt's Armour Emporium!
You start removing your armour.
You continue taking off your +2 chain mail of cold resistance. x4
You finish taking off your +2 chain mail of cold resistance.
You feel less resistant to cold.
You start putting on your armour.
You continue putting on the +5 ring mail of Honour {MR+ Str+3 Dex+2}. x5
You finish putting on the +5 ring mail of Honour {MR+ Str+3 Dex+2}.
You open the door.
You see here an arrow.
Some of the chunks of flesh in your inventory have rotted away.
You see here an arrow.
There is an open door here.
u - 14 scrolls of identify (gained 1)
You open the door.
There is an open door here.
You open the door.
There is an open door here.
A deep elf demonologist comes into view.
It is wielding a +0 long sword.
The deep elf demonologist shouts!
The deep elf demonologist gestures wildly while chanting.
The deep elf demonologist gestures wildly while chanting.
The sixfirhy disappears in a puff of smoke!
The rust devil hits you. The rust devil corrodes you!
You take 1 damage, and have 97/98 hp.
You hit the rust devil but do no damage.
You bite the rust devil! You drain its power.
You hit the rust devil but do no damage.
You bite the rust devil! You drain its power. The rust devil hits you.
The rust devil corrodes you! The red devil closely misses you.
You take 1 damage, and have 96/98 hp.
You hit the rust devil but do no damage.
You bite the rust devil! You drain its power. The hellwing hits you.
The hellwing closely misses you.
You take 4 damage, and have 92/98 hp.
You now have 27/28 mp.
You hit the rust devil but do no damage.
Your bite misses the rust devil. The rust devil closely misses you.
You hit the rust devil but do no damage.
Your bite misses the rust devil.
The red devil hits you but does no damage.
The hellwing misses you.
You riposte.
You hit the hellwing. You bite the hellwing. You drain its power.
The hellwing hits you!
You take 5 damage, and have 88/98 hp.
You now have 25/28 mp.
You hit the rust devil. You bite the rust devil. You drain its power.
The rust devil completely misses you.
You riposte.
You puncture the rust devil!
You kill the rust devil!
You hit the hellwing but do no damage. You bite the hellwing.
You drain its power. The hellwing closely misses you.
You riposte.
You puncture the hellwing! You bite the hellwing! You drain its power.
The hellwing misses you.
The red devil hits you from afar with a +1 vampiric demon trident!
You take 9 damage, and have 80/98 hp.
You now have 23/28 mp.
You hit the hellwing but do no damage. You bite the hellwing.
You drain its power. You hit the hellwing but do no damage.
You bite the hellwing. You drain its power. The hellwing barely misses you.
The hellwing closely misses you.
The red devil hits you but does no damage.
You hit the hellwing.
You kill the hellwing!
The red devil hops backward while attacking.
The red devil misses you.
The deep elf demonologist hits you but does no damage.
You barely miss the deep elf demonologist.
You bite the deep elf demonologist!
The deep elf demonologist's magic leaks into the air.
You drain its magic.
You feel invigorated.
MP restored: 28 You hit the deep elf demonologist.
Your bite misses the deep elf demonologist.
The red devil misses you.
The deep elf demonologist mumbles some strange words.
You miss the deep elf demonologist.
Your bite misses the deep elf demonologist.
You hit the deep elf demonologist but do no damage.
You bite the deep elf demonologist.
The deep elf demonologist's magic leaks into the air.
You drain its magic.
The red devil hits you from afar with a +1 vampiric demon trident!
The deep elf demonologist hits you but does no damage.
The Ice Fiend calls on the powers of darkness!
Your body is wracked with pain!
The deep elf demonologist convulses!
You take 39 damage, and have 46/98 hp.
MASSIVE DAMAGE!!
You now have 15/28 mp.
You hit the deep elf demonologist but do no damage.
You bite the deep elf demonologist, but do no damage.
You puncture the deep elf demonologist!
You bite the deep elf demonologist, but do no damage.
The red devil barely misses you. The Ice Fiend misses you.
The Ice Fiend claws you! The Ice Fiend freezes you!!!
You feel a terrible chill!
You die...

).#.#...>.# #.#
...#....### ##.#
..#.#...# #..#
.#...#..# ##.#
.#...#..# #.#
.#...#..#######.#
..#.#...........##
...#.............##
..# #...###...##@1#
.#.. ...#.#.e...#
....#...4...#
...#.#......# ###.
.##...## .. ..
...## . .. ..## ##.
.).


You could see an Ice Fiend, a deep elf demonologist and a red devil.

Vanquished Creatures
  A sphinx (D:13)
  Kirke (Lair:5)
  A frost giant (D:13)
  A deep elf demonologist (Elf:1)
  A dire elephant (Lair:3)
  A minotaur (Gauntlet)
  A deep elf death mage (Elf:2)
  Snorg (Lair:5)
  A yaktaur captain (D:13)
  A deep elf high priest (Elf:1)
  An ice dragon (Lair:6)
  Erica (D:9)
  6 hydras
  3 centaur warriors
  2 dancing weapons
  An ogre mage (Orc:1)
  2 death yaks (Lair:4)
  2 tengu warriors
  7 two-headed ogres
  6 orc high priests (Orc:2)
  Sonja (Lair:6)
  9 deep elf knights
  A shadow wraith (D:13)
  4 unseen horrors
  2 lindwurms (Lair:6)
  7 deep elf archers
  3 torturous demonspawn (Orc:2)
  6 orc knights
  9 orc sorcerers
  Pikel (D:9)
  2 wolf spiders
  27 deep elf magi
  4 ugly things
  2 oklob plants
  11 black mambas
  Joseph (D:7)
  19 elephants
  5 torpor snails (Lair:6)
  A guardian serpent (Lair:6)
  3 centaur skeletons
  13 spiny frogs
  5 kobold demonologists
  A rime drake (Lair:3)
  2 hellwings (Orc:2)
  9 komodo dragons
  A demonic crawler (Lair:3)
  A tengu conjurer (Gauntlet)
  3 trolls
  3 meliai (Gauntlet)
  10 hornets
  18 blink frogs
  3 tyrant leeches (Lair:6)
  A dream sheep (Lair:6)
  8 hippogriffs
  An air elemental (Elf:1)
  2 redbacks
  2 shadows
  A spriggan (Lair:3)
  A wraith (D:12)
  55 yaks
  3 water elementals
  A fire elemental (Elf:2)
  11 wyverns
  4 hogs (Lair:5)
  15 humans (D:14)
  A basilisk (Lair:2)
  Eustachio (D:6)
  A hungry ghost (D:13)
  2 vampire mosquitoes (D:14)
  4 wargs
  41 water moccasins
  3 soldier ants
  8 porcupines
  A swamp drake (Lair:5)
  Duvessa (D:6)
  2 ice beasts
  2 sky beasts
  2 phantoms
  38 orc warriors
  A slave (D:9)
  3 eyes of draining
  11 ogres
  3 wolves (Lair:2)
  5 centaurs
  14 crocodiles
  8 big kobolds
  An earth elemental (Elf:1)
  12 bullfrogs
  Dowan (D:6)
  4 scorpions
  A wyvern skeleton (D:8)
  13 killer bees
  10 wights
  An electric eel (Lair:5)
  6 crimson imps
  4 bullfrog zombies
  2 centaur zombies
  2 quasits
  6 hounds
  15 jellies
  22 orc priests
  15 orc wizards
  A bullfrog skeleton (D:13)
  Jessica (D:2)
  4 iguanas
  Terence (D:3)
  16 worker ants
  A killer bee zombie (D:5)
  2 hound skeletons
  A worker ant zombie (D:9)
  Robin (D:3)
  26 adders
  2 adder zombies
  2 oozes (Lair:5)
  3 adder skeletons
  9 worms
  3 dart slugs
  3 leopard geckos
  85 orcs
  3 ball pythons
  3 giant cockroaches
  15 goblins
  5 hobgoblins
  3 jackals (D:8)
  28 kobolds
  4 quokkas
  10 bats
  6 frilled lizards
  2 jackal skeletons
  A quokka skeleton (D:7)
  A quokka zombie (D:6)
  6 rats
  3 plants
851 creatures vanquished.

Vanquished Creatures (collateral kills)
  Rupert (D:14)
  2 two-headed ogres (Orc:1)
  A dancing weapon (Elf:1)
  A deep elf mage (Elf:1)
  3 elephants (Lair:3)
  A water nymph (shapeshifter) (Gauntlet)
  A yaktaur (D:14)
  A dream sheep (shapeshifter) (Gauntlet)
  A yak (Lair:1)
  A shadow (D:14)
  A human (D:14)
  An orc priest (Orc:1)
  2 fungi (Lair:3)
17 creatures vanquished.

Vanquished Creatures (others)
  A bullfrog (Lair:5)
  An orc priest (Orc:2)
  A jelly (Lair:5)
  An orc (Orc:1)
  33 fungi
  43 plants
80 creatures vanquished.

Grand Total: 948 creatures vanquished

Notes
Turn   | Place    | Note
-------+----------+-------------------------------------------
     0 | D:1      | Firecrotchwizard the Vine Stalker Assassin began the quest
                  | for the Orb.
     0 | D:1      | Reached XP level 1. HP: 11/11 MP: 2/2
    84 | D:1      | Reached skill level 2 in Fighting
    84 | D:1      | Reached skill level 1 in Dodging
   198 | D:1      | Reached XP level 2. HP: 15/15 MP: 3/3
   788 | D:2      | Noticed a phantom
   831 | D:1      | HP: 2/15 [phantom (7)]
  1275 | D:2      | Reached XP level 3. HP: 11/19 MP: 2/4
  1477 | D:2      | Noticed Jessica
  1494 | D:2      | HP: 2/19 [Jessica/nerve-wracking pain (11)]
  1497 | D:2      | Killed Jessica
  1497 | D:2      | Reached skill level 2 in Dodging
  1827 | D:2      | Gained mutation: Your natural rate of healing is unusually
                  | fast. [Vine Stalker growth]
  1827 | D:2      | Reached XP level 4. HP: 23/23 MP: 5/5
  1914 | D:2      | Reached skill level 3 in Fighting
  2323 | D:3      | Noticed Terence
  2334 | D:2      | Reached skill level 2 in Throwing
  2377 | D:3      | Noticed Robin
  2592 | D:3      | Killed Robin
  2592 | D:3      | Reached XP level 5. HP: 27/28 MP: 6/6
  2605 | D:3      | Reached skill level 1 in Armour
  2795 | D:3      | Found a bloodstained altar of Trog.
  3053 | D:3      | Killed Terence
  3109 | D:3      | Reached XP level 6. HP: 33/33 MP: 7/7
  3222 | D:3      | Found a glowing golden altar of the Shining One.
  3463 | D:4      | Found a staircase to the Ecumenical Temple.
  3468 | Temple   | Entered the Ecumenical Temple
  3625 | Temple   | Became a worshipper of Makhleb the Destroyer
  4256 | D:5      | Entered Level 5 of the Dungeon
  4284 | D:5      | Reached skill level 2 in Armour
  4296 | D:5      | Reached skill level 4 in Fighting
  4296 | D:5      | Reached skill level 1 in Invocations
  4325 | D:5      | Got a faintly humming large shield
  4331 | D:5      | Identified the cursed +0 large shield of Wisdom {+Inv
                  | Stlth+} (You found it on level 5 of the Dungeon)
  4390 | D:5      | Reached XP level 7. HP: 22/37 MP: 9/9
  4396 | D:5      | Reached skill level 2 in Invocations
  4691 | D:5      | Reached skill level 2 in Short Blades
  4739 | D:5      | Found Fuxzietro's Armour Emporium.
  5097 | D:6      | Reached skill level 3 in Armour
  5109 | D:6      | Reached * piety under Makhleb
  5166 | D:6      | Reached skill level 3 in Short Blades
  5183 | D:6      | Reached skill level 3 in Invocations
  5183 | D:6      | Gained mutation: You have razor-sharp teeth. [Vine Stalker
                  | growth]
  5183 | D:6      | Reached XP level 8. HP: 42/42 MP: 11/11
  5264 | D:6      | Noticed Eustachio
  5289 | D:6      | Killed Eustachio
  5289 | D:6      | Reached skill level 5 in Fighting
  5417 | D:6      | Noticed Dowan
  5417 | D:6      | Noticed Duvessa
  5434 | D:6      | Killed Duvessa
  5434 | D:6      | Reached skill level 4 in Short Blades
  5447 | D:6      | Killed Dowan
  5748 | D:7      | Noticed Joseph
  5984 | D:7      | Reached skill level 4 in Invocations
  6035 | D:7      | Reached skill level 4 in Armour
  6038 | D:7      | Reached skill level 5 in Short Blades
  6137 | D:7      | Reached XP level 9. HP: 42/47 MP: 8/13
  6220 | D:7      | Reached ** piety under Makhleb
  6376 | D:7      | Killed Joseph
  6376 | D:7      | Reached skill level 6 in Fighting
  6376 | D:7      | Reached skill level 6 in Short Blades
  6376 | D:7      | Reached skill level 5 in Invocations
  7240 | D:8      | Reached skill level 7 in Short Blades
  7343 | D:8      | Reached XP level 10. HP: 53/53 MP: 15/15
  7595 | D:8      | Reached skill level 6 in Invocations
  7878 | D:9      | Noticed Erica
  7903 | D:9      | Killed Erica
  7903 | D:9      | Reached skill level 7 in Fighting
  7903 | D:9      | Reached skill level 8 in Short Blades
  7921 | D:9      | Got a steaming robe
  7957 | D:9      | Reached *** piety under Makhleb
  8259 | D:9      | Noticed Pikel
  8280 | D:9      | Killed Pikel
  8389 | D:10     | Entered Level 10 of the Dungeon
  8593 | D:10     | Identified the cursed +0 robe of the Dwarven Hall {rPois}
                  | (You found it on level 9 of the Dungeon)
  8760 | D:10     | Reached skill level 7 in Invocations
  9048 | D:11     | Reached skill level 9 in Short Blades
  9064 | D:11     | Noticed an oklob plant
  9067 | D:11     | Found a staircase to the Lair.
  9082 | D:11     | Killed an oklob plant
  9178 | D:11     | Reached XP level 11. HP: 19/60 MP: 5/17
  9289 | D:11     | Reached **** piety under Makhleb
  9364 | D:11     | Noticed a two-headed ogre
  9373 | D:11     | Killed a two-headed ogre
  9373 | D:11     | Reached skill level 8 in Fighting
  9482 | D:11     | Found a staircase to the Orcish Mines.
  9627 | Lair:1   | Entered Level 1 of the Lair of Beasts
  9660 | Lair:1   | Noticed an eight-headed hydra
  9666 | Lair:1   | Killed an eight-headed hydra
  9666 | Lair:1   | Reached skill level 10 in Short Blades
  9677 | Lair:1   | Reached skill level 8 in Invocations
 10433 | Lair:1   | Reached skill level 9 in Fighting
 10443 | Lair:1   | Reached skill level 11 in Short Blades
 10627 | Lair:1   | Gained mutation: You heal very quickly. [Vine Stalker
                  | growth]
 10627 | Lair:1   | Reached XP level 12. HP: 51/66 MP: 19/19
 10701 | Lair:2   | Reached skill level 9 in Invocations
 10782 | Lair:2   | Noticed an eight-headed hydra
 10793 | Lair:2   | Killed an eight-headed hydra
 10995 | Lair:2   | Upgraded the game from 0.25-a0-38-g099c3e1 to
                  | 0.25-a0-41-g6cf4ce5
 11008 | Lair:2   | Got a transparent falchion
 11009 | Lair:2   | Identified the +12 falchion of Debt {chaos, Fragile rElec
                  | Dex+3} (You found it on level 2 of the Lair of Beasts)
 11124 | Lair:2   | Reached skill level 12 in Short Blades
 11224 | Lair:2   | Found the +0 pair of fencer's gloves {Riposte Dex+3}
 11367 | Lair:2   | Found a staircase to the Shoals.
 11707 | Lair:3   | Reached skill level 10 in Fighting
 11707 | Lair:3   | Reached skill level 10 in Invocations
 11786 | Lair:3   | Reached ***** piety under Makhleb
 11838 | Lair:3   | Reached XP level 13. HP: 72/72 MP: 18/21
 11901 | Lair:3   | Found a hole to the Spider Nest.
 12111 | Lair:3   | Reached skill level 5 in Armour
 12119 | Lair:3   | Reached skill level 13 in Short Blades
 12293 | Lair:3   | Noticed a dire elephant
 12302 | Lair:3   | HP: 15/72 [dire elephant (5)]
 12306 | Lair:3   | Killed a dire elephant
 12315 | Lair:3   | HP: 18/72 [smoke demon[the player character] (1)]
 13014 | Lair:4   | Reached skill level 6 in Armour
 13680 | Lair:5   | Reached skill level 11 in Fighting
 13745 | Lair:5   | Noticed Snorg
 13758 | Lair:5   | Killed Snorg
 13913 | Lair:5   | Found a staircase to the Slime Pits.
 14122 | Lair:5   | Reached skill level 14 in Short Blades
 14209 | Lair:5   | Noticed Kirke
 14373 | Lair:5   | Killed Kirke
 14373 | Lair:5   | Reached XP level 14. HP: 77/79 MP: 20/22
 14661 | Lair:5   | Reached ****** piety under Makhleb
 14734 | Lair:5   | Reached skill level 7 in Armour
 14992 | Lair:6   | Entered Level 6 of the Lair of Beasts
 15052 | Lair:5   | HP: 19/79 [six-headed hydra (5)]
 15057 | Lair:5   | HP: 14/79 [poisoned by a redback]
 15994 | Lair:6   | Found a runed translucent door.
 16010 | Lair:6   | Reached skill level 12 in Fighting
 16016 | Lair:6   | Noticed Sonja
 16020 | Lair:6   | Killed Sonja
 16138 | Lair:6   | Reached skill level 8 in Armour
 16157 | Lair:6   | Reached skill level 11 in Invocations
 16669 | Lair:6   | Identified a scroll of acquirement
 17420 | D:5      | Bought the +2 pair of boots of the Postmodern Demons
                  | {Str+2} for 282 gold pieces
 17579 | D:11     | Paralysed by a hornet for 3 turns
 17598 | D:11     | Reached XP level 15. HP: 85/85 MP: 24/24
 17668 | D:11     | Found a corrupted altar of Lugonu.
 17979 | D:12     | Found a gate leading to a gauntlet.
 17988 | Gauntlet | Entered a Gauntlet
 17988 | Gauntlet | Found a transporter.
 17988 | Gauntlet | Found a transporter.
 17988 | Gauntlet | Found a large runed translucent door.
 17988 | Gauntlet | Found a large runed translucent door.
 17988 | Gauntlet | Found a large runed translucent door.
 17988 | Gauntlet | Found a large runed translucent door.
 17988 | Gauntlet | Found a large runed translucent door.
 17988 | Gauntlet | Found a large runed translucent door.
 17988 | Gauntlet | Found a runed translucent door.
 17988 | Gauntlet | Found a runed translucent door.
 17988 | Gauntlet | Found a large runed translucent door.
 17988 | Gauntlet | Found a large runed translucent door.
 17988 | Gauntlet | Found a large runed translucent door.
 17988 | Gauntlet | Found a large runed translucent door.
 17988 | Gauntlet | Found a large runed translucent door.
 17988 | Gauntlet | Found a large runed translucent door.
 18004 | Gauntlet | Found a transporter.
 18009 | Gauntlet | Found a transporter.
 18026 | Gauntlet | Found a transporter.
 18039 | Gauntlet | Found a transporter.
 18056 | Gauntlet | Found a transporter.
 18124 | Gauntlet | Found a large runed translucent door.
 18124 | Gauntlet | Found a large runed translucent door.
 18125 | Gauntlet | Found a runed translucent gate.
 18125 | Gauntlet | Found a runed translucent gate.
 18125 | Gauntlet | Found a runed translucent gate.
 18127 | Gauntlet | Found a transporter.
 18137 | Gauntlet | Found a large runed translucent door.
 18138 | Gauntlet | Found a large runed translucent door.
 18142 | Gauntlet | Found a transporter.
 18159 | Gauntlet | Found a transporter.
 18172 | Gauntlet | Found a transporter.
 18190 | Gauntlet | Found a transporter.
 18261 | Gauntlet | Found a transporter.
 18265 | Gauntlet | Found a transporter.
 18276 | Gauntlet | Found a transporter.
 18283 | Gauntlet | Found a transporter.
 18359 | Gauntlet | Got a crude granite ring
 18392 | Gauntlet | Identified the ring of Bidgh {Dex+2 SInv} (You found it in
                  | a Gauntlet)
 18443 | Gauntlet | Got a bound bone ring
 18445 | Gauntlet | Identified the ring of Jealousy {Fire +Blink Str+3} (You
                  | found it in a Gauntlet)
 18458 | Gauntlet | Noticed a frost giant
 18472 | Gauntlet | a frost giant changed into an iron troll
 18479 | Gauntlet | Got a heavily runed jade ring
 18480 | Gauntlet | Noticed a fire giant
 18480 | Gauntlet | an iron troll changed into a fire giant
 18488 | Gauntlet | Noticed a sphinx
 18495 | Gauntlet | a sphinx changed into an alligator snapping turtle
 18496 | Gauntlet | Noticed a quicksilver dragon
 18496 | Gauntlet | an alligator snapping turtle changed into a quicksilver
                  | dragon
 18497 | Gauntlet | a quicksilver dragon changed into a stone giant
 18499 | Gauntlet | Noticed a fire giant
 18499 | Gauntlet | a stone giant changed into a fire giant
 18503 | Gauntlet | Noticed an emperor scorpion
 18503 | Gauntlet | a fire giant changed into an emperor scorpion
 18504 | Gauntlet | an emperor scorpion changed into a dire elephant
 18507 | Gauntlet | Noticed a fire giant
 18507 | Gauntlet | a dire elephant changed into a fire giant
 18547 | Gauntlet | HP: 10/85 [minotaur/+0 trident (19)]
 18547 | Gauntlet | HP: 3/85 [minotaur/+0 trident (7)]
 18553 | Gauntlet | Reached skill level 9 in Armour
 18635 | Gauntlet | Identified the ring "Tatof" {rElec rC- Str+4 Dex+4 SInv}
                  | (You found it in a Gauntlet)
 19218 | D:13     | Reached skill level 12 in Invocations
 19296 | D:13     | HP: 21/85 [big kobold/+0 club (2)]
 19301 | D:13     | HP: 18/85 [big kobold/stone (2)]
 19306 | D:13     | HP: 18/85 [big kobold (4)]
 19311 | D:13     | HP: 11/85 [big kobold/+0 club (1)]
 19318 | D:13     | HP: 10/85 [big kobold (4)]
 19406 | D:12     | Upgraded the game from 0.25-a0-41-g6cf4ce5 to
                  | 0.25-a0-51-gc466198
 19521 | D:13     | Reached skill level 3 in Dodging
 19710 | D:13     | Reached skill level 13 in Fighting
 20074 | D:13     | Noticed a sphinx
 20085 | D:13     | Noticed a frost giant
 20095 | D:13     | Killed a sphinx
 20095 | D:13     | Reached skill level 4 in Dodging
 20110 | D:13     | HP: 19/86 [frost giant/bolt of cold (21)]
 20115 | D:13     | Killed a frost giant
 20420 | D:14     | Found Wifrawkasm's Book Boutique.
 20428 | D:14     | Bought a book of Minor Magic for 240 gold pieces
 20431 | D:14     | Learned a level 2 spell: Blink
 20527 | D:14     | Noticed Rupert
 20565 | D:14     | Killed Rupert
 20736 | D:14     | Found a gate to the Vaults.
 20745 | D:14     | Reached skill level 5 in Dodging
 21335 | Orc:1    | Entered Level 1 of the Orcish Mines
 21428 | Orc:1    | Reached skill level 13 in Invocations
 21586 | Orc:2    | Entered Level 2 of the Orcish Mines
 21640 | Orc:1    | Reached XP level 16. HP: 55/91 MP: 26/26
 22012 | Orc:2    | Found a staircase to the Elven Halls.
 22106 | Orc:2    | Found Zory's Food Shoppe.
 22115 | Orc:2    | Found Xiunabam's Distillery.
 22141 | Orc:2    | Reached skill level 6 in Dodging
 22248 | Orc:2    | HP: 21/92 [orc high priest/divine providence (10)]
 22351 | Orc:2    | Found Ifaskaucoq's Magic Scroll Shop.
 22376 | Orc:2    | Found a bloodstained altar of Trog.
 22874 | Orc:2    | Reached skill level 14 in Fighting
 23018 | Orc:2    | Found Loerechak's Antique Weapon Boutique.
 23018 | Orc:2    | Found Qozua's Gadget Shop.
 23018 | Orc:2    | Found a one-way gate leading to the halls of Pandemonium.
 23430 | Elf:1    | Entered Level 1 of the Elven Halls
 23463 | Elf:1    | Reached skill level 7 in Dodging
 23717 | Elf:1    | Reached skill level 14 in Invocations
 23825 | Elf:1    | HP: 21/93 [+8 war axe of draining (11)]
 23913 | Elf:1    | Identified Dispater's Catalogue of the Escort
 24496 | Elf:2    | Reached XP level 17. HP: 96/98 MP: 26/28
 24499 | Elf:2    | HP: 23/98 [burnt (5)]
 24507 | Elf:2    | Reached skill level 8 in Dodging
 24707 | Elf:2    | Found Erepuzutt's Armour Emporium.
 24726 | Elf:2    | Bought the +5 ring mail of Honour {MR+ Str+3 Dex+2} for 729
                  | gold pieces
 24830 | Elf:2    | Noticed an Ice Fiend
 24833 | Elf:2    | Mangled by an Ice Fiend

Levels and vault maps discovered:
D:1:      onia_arrival_pyramid, layout_loops_ring
D:2:      layout_loops_corners, first_ration, chequers_hall_statues_y,
          uniq_jessica
D:3:      layout_loops_ring, lightli_temple_of_fire, grunt_ministairs_14,
          tso_altar, uniq_robin, uniq_terence
D:4:      layout_loops_corners, minmay_temple_entry_sparse_star
D:5:      layout_basic, serial_shops, nicolae_shop_statue_plus,
          grunt_ministairs_10
D:6:      layout_loops_ring, uniq_eustachio, uniq_duvessa
D:7:      layout_layer_cave, uniq_joseph
D:8:      layout_loops_ring, st_stairs_8
D:9:      layout_big_octagon, uniq_erica, uniq_pikel
D:10:     layout_long_grid
D:11:     layout_irregular_city, dpeg_oklobed_lair, minmay_orc_entry_guard_dogs,
          hangedman_pestilent_swarm, lemuel_hellish_altar
D:12:     layout_loops_ring, gauntlet_entry_generic, drop_trap
D:13:     minmay_glassy_protrusions, layout_small_grid, kennysheep_potato
D:14:     layout_stronghold, david_vaults_3, serial_shops,
          nicolae_shop_statue_plus
Temple:   kilobyte_greek_temple
Lair:1:   layout_big_grid
Lair:2:   layout_roguey, shoals_dummy_entry, minmay_lair_oklob_chamber,
          lemuel_fruit_fields, grunt_megastairs_5
Lair:3:   mu_elephants_graveyard, layout_regular_city,
          nicolae_spider_entry_non_spiders
Lair:4:   layout_cave_pods, beast_lair_carwin_5, infiniplex_staircase_pool
Lair:5:   lemuel_reptile_caves, layout_long_grid,
          minmay_slime_entry_jelly_boxes, uniq_kirke, uniq_snorg
Lair:6:   wormcave, layout_regular_city, hangedman_lair_tendril_chambers,
          st_stairs_6, uniq_sonja
Orc:1:    layout_diamond_mine
Orc:2:    pf_orc_diabolical, layout_caves, serial_shops, shop, trog_book
Elf:1:    minmay_elf_arrival_plus, layout_geoelf_octagon, minmay_elf_demonology
Elf:2:    layout_gridlike, serial_shops, nicolae_shop_trees,
          nicolae_twisting_strands, grunt_ministairs_2, minivault_25_ag,
          minivault_25

Skill      XL: |  1  2  3  4  5  6  7  8  9 10 11 12 13 14 15 16 17 |
---------------+----------------------------------------------------+-----
Fighting       | 2 3 4 5 6 7 9 10 11 12 13 14 | 14.8
Dodging        | 1 2 5 7 8 |  8.2
Throwing       | 2 |  2.8
Armour         | 1 2 3 4 6 8 9 |  9.0
Invocations    | 1 3 4 5 7 8 10 11 13 14 | 14.5
Short Blades   | 3 5 7 9 11 12 14 | 14.0
Stealth        | |  4.8

Action                   |  1- 3 |  4- 6 |  7- 9 | 10-12 | 13-15 | 16-18 || total
-------------------------+-------+-------+-------+-------+-------+-------++-------
Melee: Dagger            |    70 |    72 |   279 |       |       |       ||   421
       Bite              |    16 |    73 |   170 |   398 |  1047 |   473 ||  2177
       Mace              |       |   183 |    18 |       |       |       ||   201
       Rapier            |       |       |   118 |   653 |  1562 |   692 ||  3025
       Falchion          |       |       |       |   126 |    75 |       ||   201
       Short sword       |       |       |       |       |    37 |       ||    37
Invok: Major Destruction |       |       |       |     6 |    17 |       ||    23
       Minor Destruction |       |       |       |     5 |     2 |       ||     7
       Lesser Servant of |       |       |       |     2 |     5 |       ||     7
       Greater Servant o |       |       |       |       |     2 |     1 ||     3
Evoke: Wand              |       |       |       |       |     5 |     1 ||     6
  Use: Scroll            |       |     5 |     1 |    15 |    17 |     1 ||    39
       Potion            |       |       |       |       |       |     1 ||     1
 Stab: Sleeping          |     7 |     3 |       |     1 |       |       ||    11
       Distracted        |       |     1 |     1 |     2 |     2 |     2 ||     8
       Paralysed         |       |       |       |     3 |     4 |       ||     7
       Petrifying        |       |       |       |       |     2 |       ||     2
       Petrified         |       |       |       |       |     1 |       ||     1
  Eat: Chunk             |     3 |     5 |    10 |    14 |    27 |    11 ||    70
       Ration            |       |     1 |       |       |     2 |       ||     3
Armor: Robe              |     2 |       |       |       |       |       ||     2
       Leather armour    |    14 |       |       |       |       |       ||    14
       Scale mail        |       |    62 |       |       |       |       ||    62
       Fire dragon scale |       |   117 |   170 |   171 |       |       ||   458
       Chain mail        |       |       |       |   100 |   604 |   236 ||   940
       Ring mail         |       |       |       |       |       |     4 ||     4
Dodge: Dodged            |    27 |   167 |   178 |   246 |   498 |   286 ||  1402
       Rpst.: Falchion   |       |       |       |    17 |    21 |       ||    38
       Rapier            |       |       |       |       |   119 |    55 ||   174

Table legend:
 A = Non-vault XP
 B = Vault XP
 C = Vault XP percentage of total XP
 D = Non-vault monster count
 E = Vault monster count
 F = Vault count percentage of total count
                 A         B        C        D         E       F
            +---------+---------+-------+---------+---------+-------
      Total |  103454 |   85422 |  45.2 |     587 |     275 |  31.9
            +---------+---------+-------+---------+---------+-------
        D:1 |      21 |       0 |   0.0 |      13 |       0 |   0.0
        D:2 |      66 |      39 |  37.1 |      27 |       2 |   6.9
        D:3 |     137 |      66 |  32.5 |      30 |      11 |  26.8
        D:4 |      52 |       0 |   0.0 |       4 |       0 |   0.0
        D:5 |     468 |       0 |   0.0 |      17 |       0 |   0.0
        D:6 |     783 |     413 |  34.5 |      17 |       3 |  15.0
        D:7 |    1743 |     466 |  21.1 |      44 |       1 |   2.2
        D:8 |    1055 |       5 |   0.5 |      13 |       1 |   7.1
        D:9 |     606 |    1553 |  71.9 |      21 |       2 |   8.7
       D:10 |     639 |       0 |   0.0 |      12 |       0 |   0.0
       D:11 |    2881 |    1193 |  29.3 |      25 |       7 |  21.9
       D:12 |    3486 |       0 |   0.0 |      19 |       0 |   0.0
       D:13 |   10909 |    7866 |  41.9 |      44 |       6 |  12.0
       D:14 |    4910 |    7392 |  60.1 |      24 |      20 |  45.5
     Lair:1 |    7515 |       0 |   0.0 |      32 |       0 |   0.0
     Lair:2 |    8003 |    1898 |  19.2 |      28 |       7 |  20.0
     Lair:3 |    4902 |    7814 |  61.5 |      18 |      22 |  55.0
     Lair:4 |    4109 |    3020 |  42.4 |      13 |       7 |  35.0
     Lair:5 |    4038 |    7289 |  64.4 |      14 |      52 |  78.8
     Lair:6 |    8996 |   17359 |  65.9 |      40 |      52 |  56.5
      Orc:1 |    7844 |       0 |   0.0 |      39 |       0 |   0.0
      Orc:2 |    6635 |   14677 |  68.9 |      54 |      57 |  51.4
      Elf:1 |   16065 |    7941 |  33.1 |      27 |      13 |  32.5
      Elf:2 |    7591 |    2512 |  24.9 |      12 |       4 |  25.0
   Gauntlet |       0 |    3919 | 100.0 |       0 |       8 | 100.0
            +---------+---------+-------+---------+---------+-------

Levels and vault maps discovered:
D:1:      onia_arrival_pyramid, layout_loops_ring
D:2:      layout_loops_corners, first_ration, chequers_hall_statues_y,
          uniq_jessica
D:3:      layout_loops_ring, lightli_temple_of_fire, grunt_ministairs_14,
          tso_altar, uniq_robin, uniq_terence
D:4:      layout_loops_corners, minmay_temple_entry_sparse_star
D:5:      layout_basic, serial_shops, nicolae_shop_statue_plus,
          grunt_ministairs_10
D:6:      layout_loops_ring, uniq_eustachio, uniq_duvessa
D:7:      layout_layer_cave, uniq_joseph
D:8:      layout_loops_ring, st_stairs_8
D:9:      layout_big_octagon, uniq_erica, uniq_pikel
D:10:     layout_long_grid
D:11:     layout_irregular_city, dpeg_oklobed_lair, minmay_orc_entry_guard_dogs,
          hangedman_pestilent_swarm, lemuel_hellish_altar
D:12:     layout_loops_ring, gauntlet_entry_generic, drop_trap
D:13:     minmay_glassy_protrusions, layout_small_grid, kennysheep_potato
D:14:     layout_stronghold, david_vaults_3, serial_shops,
          nicolae_shop_statue_plus
Temple:   kilobyte_greek_temple
Lair:1:   layout_big_grid
Lair:2:   layout_roguey, shoals_dummy_entry, minmay_lair_oklob_chamber,
          lemuel_fruit_fields, grunt_megastairs_5
Lair:3:   mu_elephants_graveyard, layout_regular_city,
          nicolae_spider_entry_non_spiders
Lair:4:   layout_cave_pods, beast_lair_carwin_5, infiniplex_staircase_pool
Lair:5:   lemuel_reptile_caves, layout_long_grid,
          minmay_slime_entry_jelly_boxes, uniq_kirke, uniq_snorg
Lair:6:   wormcave, layout_regular_city, hangedman_lair_tendril_chambers,
          st_stairs_6, uniq_sonja
Orc:1:    layout_diamond_mine
Orc:2:    pf_orc_diabolical, layout_caves, serial_shops, shop, trog_book
Elf:1:    minmay_elf_arrival_plus, layout_geoelf_octagon, minmay_elf_demonology
Elf:2:    layout_gridlike, serial_shops, nicolae_shop_trees,
          nicolae_twisting_strands, grunt_ministairs_2, minivault_25_ag,
          minivault_25

Table legend:
 A = Turns spent in this place as a percentage of turns spent in the entire game.
 B = Non-inter-level travel turns spent in this place as a percentage of non-inter-level travel turns spent in the entire game.
 C = Inter-level travel turns spent in this place as a percentage of turns spent in this place.
 D = Turns resting spent in this place as a percentage of non-inter-level travel turns spent in this place.
 E = Turns spent auto-exploring this place as a percentage of non-inter-level travel turns spent in this place.
 F = Non-inter-level travel turns spent in this place divided by the number of levels of this place that you've seen.
                   A       B       C       D       E      F
               +-------+-------+-------+-------+-------+----------------------
         Total | 100.0 | 100.0 |   5.3 |  12.1 |  55.9 | 904.2
       Dungeon |  51.5 |  51.2 |   6.0 |  14.0 |  60.0 | 859.4
        Temple |   0.8 |   0.5 |  42.4 |   0.0 |  93.0 | 114.0
          Lair |  31.0 |  31.7 |   3.1 |  10.6 |  52.2 | 1242.0
  Orcish Mines |   8.4 |   8.3 |   7.0 |   6.2 |  56.0 | 974.0
   Elven Halls |   5.6 |   5.6 |   6.3 |  13.2 |  47.2 | 657.5
      Gauntlet |   2.6 |   2.8 |   0.0 |  12.2 |  33.7 | 649.0
               +-------+-------+-------+-------+-------+----------------------

Table legend:
 A = Kills in this place as a percentage of kills in entire the game.
 B = Kills by you in this place as a percentage of kills by you in the entire game.
 C = Kills by friends in this place as a percentage of kills by friends in the entire game.
 D = Other kills in this place as a percentage of other kills in the entire game.
 E = Experience gained in this place as a percentage of experience gained in the entire game.
 F = Experience gained in this place divided by the number of levels of this place that you have seen.
                   A       B       C       D       E      F
               +-------+-------+-------+-------+-------+----------------------
         Total | 100.0 | 100.0 | 100.0 |   N/A | 100.0 | 7264.5
       Dungeon |  42.1 |  42.4 |  26.7 |   N/A |  24.8 | 3339.2
          Lair |  33.1 |  33.2 |  26.7 |   N/A |  39.7 | 12490.5
  Orcish Mines |  17.4 |  17.4 |  20.0 |   N/A |  15.4 | 14578.0
   Elven Halls |   6.5 |   6.4 |  13.3 |   N/A |  18.1 | 17054.5
      Gauntlet |   0.9 |   0.7 |  13.3 |   N/A |   2.1 | 3919.0
               +-------+-------+-------+-------+-------+----------------------
